 Dungeon Crawl Stone Soup version 0.29-a0-11-ga75d3d97ab (webtiles) character file.

Game seed: 5698448493900410477

52 oldriver the Insei (level 3, 0/24 HPs)
             Began as an Octopode Transmuter on Jan 29, 2022.
             Succumbed to an adder's poison
             ... on level 2 of the Dungeon.
             The game lasted 00:02:26 (1432 turns).

oldriver the Insei (Octopode Transmuter)            Turns: 1432, Time: 00:02:27

Health: 0/24       AC:  1    Str:  9    XL:     3   Next: 85%
Magic:  7/7        EV: 13    Int: 17    God:
Gold:   38         SH:  0    Dex: 12    Spells: 4/7 levels left

rFire   . . .      SeeInvis .     - Unarmed
rCold   . . .      Faith    .   (no shield)
rNeg    . . .      Spirit   .   (helmet restricted)
rPois   .          Reflect  .   (no amulet)
rElec   .          Harm     .   (no ring)
rCorr   .          Rampage  .   (no ring)
Will    .....                   (no ring)
Stlth   +++.......              (no ring)
HPRegen 0.08/turn               (no ring)
MPRegen 0.10/turn               (no ring)
                                (no ring)
                                (no ring)

@: lethally poisoned (0 -> -1)
A: almost no armour, amphibious, 8 rings, camouflage 1, gelatinous body 1,
(nimble swimmer 1), tentacles
a: no special abilities


You were on level 2 of the Dungeon.
You visited 1 branch of the dungeon, and saw 2 of its levels.

You collected 38 gold pieces.

Inventory:

Wands
 a - a wand of acid (6)


   Skills:
 * Level 1.9 Fighting
 - Level 2.0 Dodging
 + Level 1.7 Stealth
 - Level 3.0 Unarmed Combat
 * Level 2.7 Spellcasting
 + Level 2.5 Transmutations


You had 4 spell levels left.
You knew the following spells:

 Your Spells              Type           Power      Damage    Failure   Level
a - Beastly Appendage     Tmut           20%        N/A       6%          1
w - Wereblood             Tmut           10%        N/A       10%         2

Your spell library contained the following spells:

 Spells                   Type           Power      Damage    Failure   Level
 Spider Form              Tmut/Pois      6%         N/A       32%         3
 Ice Form                 Ice/Tmut       6%         N/A       71%         4


Dungeon Overview and Level Annotations

Branches:
Dungeon (2/15)

Altars:

Shops:
D:2 =


Innate Abilities, Weirdness & Mutations

You cannot wear most types of armour.
You are amphibious.
You can wear up to eight rings at the same time.
Your skin changes colour to match your surroundings (Stealth+).
Your rubbery body absorbs attacks. (AC +1, EV +1)
((You are camouflaged when in or above water. (Stealth+)))
You have tentacles for arms and can constrict up to eight enemies at once.


Message History

You closely miss the adder. Your grab misses the adder.
You feel sick. The quokka closely misses you. The adder bites you.
You are lethally poisoned!
The adder poisons you! The quokka closely misses you.
You are too injured to fight recklessly!
You are too injured to fight recklessly!
You feel sick.
You aren't carrying any potions.
You tentacle-slap the adder. You grab the adder.
You pierce the adder.
You squeeze the adder.
You kill the adder!
* * * LOW HITPOINT WARNING * * *
You feel sick.
You closely miss the quokka. You grab the quokka.
You pierce the quokka.
The quokka is heavily wounded.
You constrict the quokka, but do no damage.
* * * LOW HITPOINT WARNING * * *
You feel sick.
The quokka bites you but does no damage.
You tentacle-slap the quokka.
You kill the quokka!
Your transformation is almost over.
* * * LOW HITPOINT WARNING * * *
You feel sick.
There is a lethal amount of poison in your body!
There is a lethal amount of poison in your body!
There is a lethal amount of poison in your body!
You aren't carrying any potions.
As you read the scroll labelled UMI SIVAKHLEA, it crumbles to dust.
It is a scroll of identify.
You don't have any unidentified items.
* * * LOW HITPOINT WARNING * * *
You feel sick.
Your tentacle spike disappears.
* * * LOW HITPOINT WARNING * * *
You feel sick.
Sorry, you're not good enough to have a special ability.
There is a lethal amount of poison in your body!
There is a lethal amount of poison in your body!
You die...

###### . ......#. .... #
..#####..# # ##..### .
#.....##. .# #.....# .#
..#.<..#...#.##...#.##.#
.......#...............#
.<._.#.....#...††......#
.......#...#####@##.##.#
..#.<†.#...# #.##..# #
#.....##...#####.###.#.#
..#####.......##.###.#.#
............).##.......#
......#.......###.#..###
.####.......>.# #.##..##
.# ###.......# #.#8..8##
.# #.......# #...>...#


There were no monsters in sight!

Vanquished Creatures
  An adder (D:2)
  A worm (D:2)
  3 ball pythons (D:1)
  2 endoplasms (D:1)
  3 giant cockroaches (D:1)
  6 goblins (D:1)
  4 hobgoblins
  4 jackals (D:1)
  A kobold (D:1)
  3 quokkas
  3 bats
  A frilled lizard (D:1)
  2 rats
34 creatures vanquished.

Notes
Turn   | Place    | Note
-------+----------+-------------------------------------------
     0 | D:1      | oldriver the Octopode Transmuter began the quest for the
                  | Orb.
     0 | D:1      | Reached XP level 1. HP: 13/13 MP: 3/3
   353 | D:1      | Reached XP level 2. HP: 5/18 MP: 3/5
   361 | D:1      | Reached skill level 1 in Stealth
   597 | D:1      | Learned a level 2 spell: Wereblood
   811 | D:1      | Reached XP level 3. HP: 23/23 MP: 3/6
  1259 | D:2      | Found a faded altar of an unknown god.
  1299 | D:2      | Found Eremm's Jewellery Shoppe.
  1431 | D:2      | HP: 1/24 [poisoned by an adder]
  1432 | D:2      | Succumbed to an adder's poison

Illustrated notes

Levels and vault maps discovered:
D:1:      psy_arrival_wood_between_worlds, layout_basic
D:2:      layout_loops_cross, nicolae_ecumenical_pavilion, serial_shops,
          nicolae_shop_stone, st_stairs_6, uniq_jessica

Skill      XL: |  1  2 |
---------------+-------+-----
Stealth        | 1 |  1.7
Fighting       | |  1.9
Dodging        | |  2.0
Unarmed Combat | |  3.0
Spellcasting   | |  2.7
Transmutations | |  2.5

Action                   || total
-------------------------++-------
Melee: Unarmed           ||    74
       Constrict         ||    20
       Kick              ||    22
       Tentacles         ||    13
 Cast: Beastly Appendage ||    22
       Wereblood         ||     8
 Abil: End Transformatio ||     1
  Use: Potion            ||     1
       Scroll            ||     1
 Stab: Sleeping          ||     1
Armor: Skin              ||     6
Dodge: Dodged            ||    43

Table legend: (Time is in decaauts)
 A = Elapsed time spent in this place.
 B = Non-inter-level travel time spent in this place.
 C = Inter-level travel time spent in this place.
 D = Time resting spent in this place.
 E = Time spent auto-exploring this place.
 F = Levels seen in this place.
 G = Mean time per level.
                   A        B        C        D        E       F      G
               +--------+--------+--------+--------+--------+-----+--------+
         Total |   1427 |   1412 |     15 |    203 |    944 |   2 |  713.5 |
       Dungeon |   1427 |   1412 |     15 |    203 |    944 |   2 |  713.5 |
               +--------+--------+--------+--------+--------+-----+--------+

Top non-repeatable levels by time:
     D:1: 1255 daAuts
     D:2: 172 daAuts
